 Dungeon Sprint DCSS version 0.16-a0-3761-g2321f2b (console) character file.

1157 Monkaria the Grappler (level 8, 0/130 HPs)
             Began as a Troll Fighter on Jan 24, 2015.
             Slain by a centaur warrior (8 damage)
             ... in the Dungeon (Sprint I: "Red Sonja").
             The game lasted 00:02:39 (329 turns).

Monkaria the Grappler (Troll Fighter)                Turns: 329, Time: 00:02:39

Health: 0/130      AC:  7    Str: 32    XL:     8   Next: 16%
Magic:  3/3        EV:  9    Int:  4    God:
Gold:   407        SH: 12    Dex:  9    Spells: 0 memorised, 7 levels left

rFire  + . .     SeeInvis .       - Unarmed
rCold  . . .     Clarity  .     l - +2 robe {rF+}
rNeg   . . .     SustAb   .     c - +0 shield
rPois  .         Gourm    +     (helmet restricted)
rElec  .         Spirit   .     (no cloak)
rCorr  .         Warding  .     (gloves unavailable)
rMut   .         NoTele   +     (boots unavailable)
MR     .....                    (no amulet)
Stlth  ..........               (no ring)
                                (no ring)

@: berserking (expiring), very quick, not resistant to hostile enchantments,
extremely unstealthy
A: unfitting armour, claws 3, fast metabolism 3, gourmand, regeneration 2,
shaggy fur 1, tough skin 2
a: no special abilities


You were in the Dungeon.
You were not hungry.

You visited 1 branch You collected 407 gold pieces.

Inventory:

Hand weapons
 m - a +0 war axe of venom
Armour
 c - a +0 shield (worn)
 l - a +2 robe of fire resistance (worn)
Magical devices
 k - a wand of flame (31)
Scrolls
 j - a scroll of blinking
Potions
 b - a potion of mutation {unknown}
 d - a potion of curing
 e - a potion of might
 f - a potion of heal wounds
 g - a potion of haste
 h - 2 potions of magic
Comestibles
 a - 2 meat rations


   Skills:
 - Level 7.0 Fighting
 - Level 2.4 Armour
 - Level 10.6 Shields
 + Level 10.7 Unarmed Combat


You had 7 spell levels left.
You didn't know any spells.

Dungeon Overview and Level Annotations

Branches:
Dungeon (1/1)

Altars:
Cheibriados
Dithmenos
Elyvilon
Fedhas
Gozag
Kikubaaqudgha
Makhleb
Nemelex Xobeh
Okawaru
Qazlal
Ru
Sif Muna
Trog
Vehumet
Xom
Yredelemnul
Zin
The Shining One
Jiyva

Shops:
D %

Annotations:
D exclusion: door


Innate Abilities, Weirdness & Mutations

You are too large for most types of armour.
You have claws for hands.
Your metabolism is lightning-fast.
You like to eat raw meat.
You heal very quickly.
You are covered in fur (AC +1).
You have very tough skin (AC +2).


Message History

The centaur warrior barely misses you.
Unknown command.
Unknown command.
Unknown command.
Unknown command.
You mangle the centaur warrior!!
The centaur warrior begins to bleed from its wounds!
The centaur warrior is heavily wounded.
You block the centaur warrior's attack.
You claw the centaur warrior!
The centaur warrior is severely wounded.
You block the centaur warrior's attack.
You scratch the centaur warrior.
The centaur warrior is severely wounded.
The centaur warrior hits you!
* * * LOW HITPOINT WARNING * * *
You barely miss the centaur warrior.
The centaur warrior is severely wounded.
The centaur warrior hits you!
You die...

###################
#..)..#..'..#__#..+
').#..'[.#..'..'..#
#####'#####'#__####
####..#...#.####§§#
#__####..##.#§≈§@§#
#_..__##'#..§§≈c§§+
#_.∩...'..._#§≈§§.#
#_..._##_.#'##+####
#_____###+#.#
####### ###


You could see a centaur warrior (bleeding).

Vanquished Creatures
  A centaur warrior (D)
  A slime creature (D)
  A yak (D)
  An ogre (D)
  Sigmund (D)
  A jelly (D)
  Ijyb (D)
7 creatures vanquished.

Notes
Turn   | Place    | Note
--------------------------------------------------------------
     0 | D        | Monkaria, the Troll Fighter, began the quest for the Orb.
     0 | D        | Reached XP level 1. HP: 22/22 MP: 1/1
     2 | D        | Noticed Ijyb
    11 | D        | Killed Ijyb
    11 | D        | Reached skill level 5 in Unarmed Combat
    11 | D        | Reached XP level 2. HP: 10/29 MP: 1/1
    49 | D        | Noticed an ogre
    53 | D        | Killed an ogre
    53 | D        | Reached skill level 9 in Unarmed Combat
    53 | D        | Reached XP level 3. HP: 26/36 MP: 2/2
    53 | D        | Reached XP level 4. HP: 31/44 MP: 2/2
    84 | D        | Noticed Sigmund
   131 | D        | Killed Sigmund
   131 | D        | Reached skill level 10 in Unarmed Combat
   131 | D        | Reached XP level 5. HP: 50/50 MP: 2/2
   163 | D        | Found a snail-covered altar of Cheibriados.
   163 | D        | Found a viscous altar of Jiyva.
   163 | D        | Found a shadowy altar of Dithmenos.
   163 | D        | Found a blossoming altar of Fedhas.
   163 | D        | Noticed a slime creature
   165 | D        | Found a deep blue altar of Sif Muna.
   166 | D        | Noticed a jelly
   167 | D        | Found a radiant altar of Vehumet.
   169 | D        | Killed a jelly
   196 | D        | Found Siegibui's Food Emporium.
   196 | D        | Found a white marble altar of Elyvilon.
   196 | D        | Found a stormy altar of Qazlal.
   196 | D        | Found a basalt altar of Yredelemnul.
   196 | D        | Found an iron altar of Okawaru.
   196 | D        | Found a sparkling altar of Nemelex Xobeh.
   196 | D        | Found a shimmering altar of Xom.
   196 | D        | Found an ancient bone altar of Kikubaaqudgha.
   196 | D        | Noticed a yak
   200 | D        | Killed a yak
   200 | D        | Reached XP level 6. HP: 61/71 MP: 3/3
   201 | D        | Found a burning altar of Makhleb.
   201 | D        | Found a sacrificial altar of Ru.
   201 | D        | Found a glowing golden altar of the Shining One.
   201 | D        | Found an opulent altar of Gozag.
   201 | D        | Found a glowing silver altar of Zin.
   202 | D        | Found a bloodstained altar of Trog.
   220 | D        | Noticed a centaur warrior
   220 | D        | Noticed a centaur warrior
   233 | D        | Killed a slime creature
   325 | D        | Killed a centaur warrior
   325 | D        | Reached skill level 10 in Shields
   325 | D        | Reached XP level 7. HP: 18/78 MP: 3/3
   325 | D        | Reached XP level 8. HP: 20/87 MP: 3/3
   329 | D        | Slain by a centaur warrior

Action                   |  1- 3 |  4- 6 |  7- 9 || total
-------------------------+-------+-------+-------++-------
Melee: Unarmed           |    12 |    21 |     4 ||    37
  Use: Potion            |       |     1 |       ||     1
